cohdb
Replays
Latest Replays
All Replays
Popular Replays
Top Player Replays
Match Explorer
How It Works
Community
CoH3 Stats
Reddit
Sign in to upload your games and track your stats! →
Sign in with Steam
Match 45685313
Unlisted
Match 45685313
Overview
Messages
Build Orders
End
Pioneer Squad
Selects Luftwaffe Battlegroup
Selects Luftwaffe Pioneer Support
Fallschirmpioneer Squad Paradrop
Construct Infanterie Kompanie
Grenadier Squad
Grenadier Squad
Construct Panzergrenadier Kompanie
Selects Stuka Strafing Run
Stuka Strafing Run
251 Medium Carrier
Selects Fallschirmjäger Squad Paradrop
Fallschirmjäger Squad Paradrop
Medical Bunker
Pak 40 Anti-tank Gun Team
Stuka Strafing Run
Fallschirmjäger Squad Paradrop
Selects Fragmentation Bombs
Fragmentation Bombs
Stuka Strafing Run
Forward Retreat Point
Stuka Strafing Run
Construct Panzer Kompanie
Fragmentation Bombs
Stuka Strafing Run
[PD] Ducktus
[PD] [9C] [FT] Claudius Tacitus
Nico-Nico-Nii~~
Zoro
[ARC] Mouzeille ★ツ
[ARC] Frayal ★ツ
Coyle
Epouvente
0
0
Comments
sign in to comment!
No comments posted yet!